[Event "26th OIBM 2023"]
[Site "Gmund am Tegernsee"]
[Date "2023.10.29"]
[Round "2.1"]
[White "Lagarde, Maxime"]
[Black "Kurmangaliyeva, Liya"]
[Result "0-1"]
[ECO "A07"]
[WhiteElo "2626"]
[BlackElo "2236"]
[Annotator "TA"]
[PlyCount "94"]
[EventDate "2023.10.04"]
[EventType "swiss"]
[EventCountry "GER"]
[SourceTitle "playchess.com"]
[Source "ChessBase"]
[SourceQuality "1"]
[TimeControl "40/5400+30:1800+30"]

1. g3 d5 2. Nf3 b6 3. c4 dxc4 4. Na3 Bb7 5. Bg2 e6 6. Nxc4 {[%emt 0:00:28] A07: Réti Opening: New York and Capablanca Systems.} Nd7 7. Qa4 Ngf6 (7... a6 $5 8. Qd1 b5 $11) 8. Nce5 {[%emt 0:02:12][%cal Oe5f7] White has an edge.} Qc8 9. d4 Bd6 10. O-O O-O 11. Bf4 Bxe5 {[%emt 0:19:19] [#]} 12. dxe5 $146 ({Predecessor:} 12. Nxe5 Bxg2 13. Kxg2 Nxe5 14. Bxe5 Nd7 15. Bf4 Re8 {½-½ Fancsy,I (2365)-Proehl,H (2300) Budapest FS05 GM 1996 (1)}) 12... Nd5 13. Bd2 c5 14. Qh4 Qc7 15. Qh5 (15. Ng5 h6 16. Nf3 Nxe5 $17) 15... Ne7 16. Rac1 Be4 17. b4 (17. Ng5 {looks sharper.} Bg6 18. Qh4 Nf5 19. Qa4) 17... Rac8 18. bxc5 bxc5 19. Rfd1 Nd5 20. Bf4 c4 21. Rd4 (21. Ng5 {is more complex.} Bg6 22. Qh3 Bf5 23. Qh4) 21... Bg6 22. Qh4 N7b6 23. Bg5 Rfe8 (23... h6 24. Bxh6 Rfe8 25. Bd2 $16) 24. a3 Ne7 (24... h6 25. Bxh6 Qc5 26. e4 $11) ({Black should try} 24... Qc5 $15 25. e4 Nc7) 25. Bxe7 $1 $11 Rxe7 (25... Qxe7 $11 26. Qxe7 Rxe7) 26. Rd6 (26. a4 $1 $14 a5 27. Rd6) 26... Rd7 $36 {[%emt 0:01:38][%mdl 2048] Black is pushing.} 27. a4 $2 Rxd6 $19 (27... Nxa4 28. Rxc4 Qxc4 29. Rxd7 Qxh4 30. Nxh4 $11) 28. exd6 Qxd6 29. Bh3 $2 (29. Qd4 {is tougher.} Qc5 30. Qxc5 Rxc5 31. Nd2) 29... Qa3 (29... Nxa4 30. Rxc4 Rxc4 31. Qxc4 $17) 30. Rd1 h6 ({Weaker is} 30... Qxa4 31. Rd8+ $18) (30... Nxa4 $2 31. Ne5 $19) 31. Ne5 Bc2 (31... Qxa4 $2 32. Qd4 Qc2 33. Nxg6 Qxg6 34. Bg2 $19) ({Better is} 31... c3 $19 32. Nxg6 c2) 32. Qf4 $2 Qe7 (32... Bxd1 $2 33. Qxf7+ Kh8 34. Bxe6 Bxe2 35. Kg2 $19) 33. Rd4 Bxa4 34. Nxc4 g5 35. Qe4 {[%emt 0:01:40] [#] Black must now prevent Nxb6.} Nxc4 36. Rxc4 Rxc4 37. Qxc4 {[%emt 0:00:03][%mdl 4096] Endgame KQB-KQB} Qd7 38. Bf1 {[%emt 0:01:20] [#]} (38. Bg4 $142) 38... Bc6 $1 {[%emt 0:00:08] Strongly threatening ...a5.} 39. e4 $2 (39. Qc3) 39... a5 {[%emt 0:00:43] Black is clearly winning.} 40. Bd3 (40. Qc1 $142 Bxe4 41. h4) 40... a4 41. Qc3 Bb5 42. Bxb5 Qxb5 {[%emt 0:00:05] KQ-KQ} 43. Kg2 Qb1 44. Qe3 Qb4 45. h4 a3 46. hxg5 a2 47. gxh6 a1=Q {[%emt 0:00:00] Weighted Error Value: White=0.97/Black=0.24 (precise)} (47... a1=B $2 {loses.} 48. Kh3 $19) 0-1

[Event "26th OIBM 2023"]
[Site "Gmund am Tegernsee"]
[Date "2023.10.29"]
[Round "2.2"]
[White "Wacker, Peter"]
[Black "Gopal G.N."]
[Result "1/2-1/2"]
[ECO "A45"]
[WhiteElo "2234"]
[BlackElo "2573"]
[Annotator "TA"]
[PlyCount "88"]
[EventDate "2023.10.04"]
[EventType "swiss"]
[EventCountry "GER"]
[SourceTitle "playchess.com"]
[Source "ChessBase"]
[SourceQuality "1"]
[TimeControl "40/5400+30:1800+30"]

1. d4 Nf6 2. Bf4 g6 3. Nc3 d5 4. e3 Bg7 5. h4 h5 6. Nf3 {[%emt 1:30:10] A45: Trompowsky Attack.} O-O 7. Be2 Bg4 (7... c6 $11) 8. O-O (8. Ne5 $14) 8... Bxf3 9. Bxf3 c6 10. Qe2 Nbd7 {[%emt 0:00:00] [#]} 11. Rfd1 $146 ({Predecessor:} 11. Rad1 Qb6 12. b3 Qa5 13. Qd2 Qa3 14. Qc1 Qb4 15. Qb2 Rfe8 16. a3 Qb6 17. Na4 {½-½ Erdene,G (2278)-Chinguun,S (2298) MGL-ch Ulaanbaatar 2023 (6)}) 11... e6 12. g3 Qb6 13. Rab1 Rad8 (13... Rfe8 $11) 14. b4 $14 a6 15. Na4 Qa7 16. Nc5 Rfe8 17. Nxd7 Nxd7 18. c4 Nb6 19. Bc7 Nxc4 20. Bxd8 Rxd8 21. a4 b5 22. Qa2 Qe7 23. axb5 axb5 24. Kg2 e5 25. dxe5 Bxe5 ({Black should play} 25... Qxe5 $11 26. Be2 Re8) 26. Rb3 (26. e4 $1 $14) 26... Kg7 27. Qc2 {[%emt 0:00:00] White is weak on the dark squares} Bf6 {[%emt 0:00:22][%mdl 1024] Black has compensation.} 28. Kg1 Re8 29. Bg2 Qa7 30. e4 d4 31. Bf1 Ne5 32. Kg2 Rd8 33. Be2 Kg8 34. Rd2 Qe7 35. f4 $1 Nc4 {[%emt 0:00:40][%mdl 64] [#] Deflection} 36. Bxc4 bxc4 37. Qxc4 {[%emt 0:00:11] e5 is the strong threat.} Qxe4+ 38. Rf3 Re8 39. Rc2 Re6 40. Qd3 Qd5 {[%emt 0:00:35] [#] ...Re3 would be deadly.} 41. Qc4 {[%emt 0:07:13] Threatens to win with Qxd5.} Qe4 42. Qd3 {[%emt 0:00:07] Hoping for Qxe4.} Qd5 {[%emt 0:01:28] And now ...Re3 would win.} 43. Qc4 Qe4 44. Qd3 {[%emt 0:00:53] Black must now prevent Qxe4.} Qd5 $1 {[%emt 0:13:48] Weighted Error Value: White=0.18 (very precise) /Black=0.13 (very precise)} 1/2-1/2

[Event "26th OIBM 2023"]
[Site "Gmund am Tegernsee"]
[Date "2023.10.29"]
[Round "2.3"]
[White "Mastrovasilis, Dimitrios"]
[Black "Hedke, Fred"]
[Result "1-0"]
[ECO "B06"]
[WhiteElo "2573"]
[BlackElo "2231"]
[Annotator "TA"]
[PlyCount "83"]
[EventDate "2023.10.04"]
[EventType "swiss"]
[EventCountry "GER"]
[SourceTitle "playchess.com"]
[Source "ChessBase"]
[SourceQuality "1"]
[TimeControl "40/5400+30:1800+30"]

1. e4 g6 2. d4 Bg7 3. Nf3 d6 4. Bc4 Nf6 5. Qe2 Bg4 {[%emt 0:01:47] [#]} (5... c6 $11) 6. Nbd2 {[%emt 0:01:22] B06: Modern Defence.} (6. e5 $1 $16 ) 6... Nc6 $11 7. c3 O-O (7... e5 $5 ) 8. h3 {[%emt 0:01:32] White is slightly better.} Bxf3 9. Nxf3 e5 10. dxe5 Nxe5 11. Nxe5 dxe5 12. Bg5 c6 13. O-O h6 {[%emt 0:10:06] [#]} 14. Rad1 $146 ({Predecessor:} 14. Bh4 Qb6 15. Rad1 Qc7 16. Qf3 Qe7 17. Rd3 Rad8 18. Rfd1 a5 19. Bxf6 Qxf6 20. Rxd8 Rxd8 21. Rxd8+ Qxd8 22. Qxf7+ {1-0 Murzin,V (2586)-Nogerbek,K (2487) Wch Blitz Almaty 2022 (20)}) 14... Qe7 15. Bxf6 Bxf6 {[%emt 0:13:54] Black is weak on the light squares} 16. Qg4 Kg7 17. Rd7 h5 18. Rxe7 hxg4 19. Rxb7 gxh3 20. Rd1 $36 {[%emt 0:01:59][%mdl 2048] White is in control. White has more active pieces.} (20. gxh3 Rab8 21. Rxa7 Rxb2 $14) 20... Bd8 (20... a5 $16 21. gxh3 Bh4) 21. gxh3 Bb6 22. a4 Kh6 23. b4 {[%emt 0:09:00][%cal Oa4a5] [#] Hoping for a5!} (23. Bxf7 Rab8 24. Rxb8 Rxb8) (23. Rxf7 Rxf7 24. Bxf7 Kg7) 23... f5 $2 (23... Rab8 {was called for.} 24. Rdd7 (24. Rxf7 Rxf7 25. Bxf7 Rd8 $16) 24... a5 25. Bxf7 axb4) 24. a5 $18 Bd8 25. Rd6 c5 $2 (25... Bh4 {was worth a try.} 26. Bf7 Kg5 27. Rxg6+ Kf4 28. exf5 Kf3) 26. Bf7 Kg5 27. Rxg6+ Kf4 28. exf5 Kxf5 29. Rg4 ({And not} 29. bxc5 Rxf7 30. Rxf7+ Kxg6 $17) 29... cxb4 30. cxb4 Bg5 31. Bd5 {[%emt 0:02:15] Threatens to win with Be4+.} Kf6 (31... Bf4 $142 32. a6 Rad8) 32. h4 Bf4 33. Rgg7 Rad8 34. Be4 Rg8 35. Rbf7+ Ke6 36. Re7+ Kf6 37. Ref7+ Ke6 38. Rxa7 {[%emt 0:00:49] White threatens Ra6+ and mate. White is clearly winning.} Rxg7+ 39. Rxg7 Rd4 40. Bc6 {[%emt 0:00:52] Black must now prevent a6.} Kd6 41. Rg6+ Kc7 42. b5 {[%emt 0:00:35] Weighted Error Value: White=0.35/Black=0.32} 1-0

[Event "26th OIBM 2023"]
[Site "Gmund am Tegernsee"]
[Date "2023.10.29"]
[Round "2.4"]
[White "Smits, Mark"]
[Black "Bauer, Christian"]
[Result "0-1"]
[ECO "B33"]
[WhiteElo "2231"]
[BlackElo "2552"]
[Annotator "TA"]
[PlyCount "72"]
[EventDate "2023.10.04"]
[EventType "swiss"]
[EventCountry "GER"]
[SourceTitle "playchess.com"]
[Source "ChessBase"]
[SourceQuality "1"]
[TimeControl "40/5400+30:1800+30"]

1. e4 c5 2. Nf3 Nc6 3. d4 cxd4 4. Nxd4 Qb6 5. Nb3 Nf6 6. Nc3 e6 7. Qe2 {[%emt 0:04:54] 7.Bd3 gains popularity.} d6 8. g4 {[%emt 0:03:58][%cal Bg2g4,Bg4g5][%mdl 32] B33: Sicilian: Pelikan and Sveshnikov Variations.} a6 9. g5 Nd7 10. Be3 {[%emt 0:04:55] White is better.} Qc7 11. O-O-O b5 12. Bg2 (12. Kb1 $16) 12... Nde5 (12... b4 $15 13. Na4 Nce5) 13. f4 Nc4 {[%emt 0:01:06] [#]} 14. Rhe1 $146 (14. Bf2 {simplifies} Bd7 15. Nd2 N6a5 16. Nxc4 Nxc4 17. b3) ({Predecessor:} 14. Bf2 Rb8 15. Rhe1 Be7 16. Kb1 N6a5 17. Qh5 b4 18. Ne2 e5 19. f5 g6 20. Qh6 {0-1 Soltanici,R (2385)-Vedmediuc,S (2468) MDA-ch Kishinev 2012 (10)}) 14... Bd7 {[%emt 0:06:48] [#]} (14... Nxe3 $14 15. Qxe3 b4) 15. e5 $1 $16 O-O-O (15... Nxe3 16. Qxe3) 16. a4 (16. exd6 $16 Bxd6 17. Kb1) 16... Nb4 $14 17. axb5 axb5 {[%emt 0:00:06] [#]} (17... Bxb5 $14 18. Nxb5 axb5) 18. Bd4 ({Better is} 18. exd6 $1 $16 Bxd6 19. Kb1) 18... dxe5 (18... d5 $1 $14) 19. fxe5 (19. Bxe5 $142 Nxe5 20. fxe5 (20. Qxe5 Qxe5 21. Rxe5 Bc6 $11)) 19... Be7 20. Ne4 Bc6 21. c3 (21. Kb1 $5) 21... Nd5 (21... Nxe5 $2 22. Bxe5 Qxe5 23. cxb4 Rxd1+ 24. Rxd1 $18) 22. Kc2 Nf4 23. Qf2 Nxg2 24. Qxg2 h6 (24... Rd5 $15) 25. Ra1 {[%emt 0:03:16] [#]} (25. g6 $11 {was the only way to keep the balance.}) 25... hxg5 $1 $17 {[%emt 0:01:09] White must now prevent ...Qb7. Black is more active.} (25... Nxe5 $2 26. Ra7 Bb7 27. Bxe5 $18) 26. Ra7 {[%emt 0:00:42] Prevents Qb7} Bb7 {[%emt 0:00:16] ...Rh4 would be deadly. The board is on fire.} 27. Qf2 {[%emt 0:03:28] Strongly threatening Nbc5.} Rxd4 $1 {[%emt 0:06:34][%mdl 64] Deflection} (27... Nxe5 $6 28. Rxb7 Qxb7 29. Bxe5 $14) 28. Qxd4 (28. Rxb7 $17 {was forced.} Kxb7 29. cxd4) 28... Rxh2+ $19 ({Weaker is} 28... Nxe5 29. Rxb7 Kxb7 30. Nec5+ Kc8 31. Rxe5 $11 (31. Qxe5 Rxh2+ 32. Kb1 Qxe5 $17)) 29. Kc1 {[%emt 0:00:23] And now Nbc5 would win.} Rh4 $2 (29... Rxb2 $2 30. Nd6+ (30. Na5 Rd2 $15) 30... Bxd6 31. exd6 Qxd6 32. Qxd6 Nxd6 33. Kxb2 $18) ({And not} 29... Qxe5 30. Qxe5 Nxe5 31. Nec5 Bxc5 32. Nxc5 $17) (29... Nxe5 $19 30. Nbc5 Bxc5 31. Nxc5 Nf3 32. Rxb7 Qxb7 33. Nxb7 Nxd4 34. Nd6+ Kc7 35. Nxf7 Nb3+ 36. Kb1 Nd2+ 37. Kc1 g4) 30. Qf2 (30. Nbc5 $11 Rxe4 31. Nxe4) 30... Rf4 31. Qg1 {[%emt 0:00:54] Hoping for Nec5.} Kb8 $2 (31... Nxe5 $19 32. Nec5 Nf3) 32. Ned2 ({White has to play} 32. Nd6 $1 $15 Bxd6 33. exd6 Nxd6 34. Rd1) 32... Nb6 $36 {[%emt 0:02:46][%mdl 2048] Keeping White busy.} (32... Nxe5 $2 33. Rxe5 Qxe5 34. Qb6 $18) 33. Ra5 b4 34. Nc5 $2 (34. Kb1 $17) 34... bxc3 $19 35. bxc3 Na4 $1 {[%emt 0:00:50][%mdl 64] Deflection} 36. Nd7+ $2 (36. Ndb3 Nxc3 37. Kb2 Bxc5 {[%mdl 64] Remove Defender} 38. Qxc5 Na4+ 39. Rxa4 Rxa4 40. Rc1 Qxc5 41. Nxc5) 36... Qxd7 {[%emt 0:00:37] Beautiful play by Bauer!   Weighted Error Value: White=0.73/Black=0.28 (precise)} 0-1

[Event "26th OIBM 2023"]
[Site "Gmund am Tegernsee"]
[Date "2023.10.29"]
[Round "2.5"]
[White "Petrov, Nikita"]
[Black "Moeldner, Juergen"]
[Result "1/2-1/2"]
[ECO "C42"]
[WhiteElo "2551"]
[BlackElo "2227"]
[Annotator "TA"]
[PlyCount "117"]
[EventDate "2023.10.04"]
[EventType "swiss"]
[EventCountry "GER"]
[SourceTitle "playchess.com"]
[Source "ChessBase"]
[SourceQuality "1"]
[TimeControl "40/5400+30:1800+30"]

1. e4 e5 2. Nf3 Nf6 3. Nxe5 d6 4. Nf3 Nxe4 5. Bd3 Nf6 6. O-O Be7 7. h3 O-O 8. c3 {[%emt 0:00:06] C42: Petroff Defence: 3 Nxe5 and unusual White 3rd moves.} Nbd7 9. Bc2 Re8 10. d4 b6 11. c4 {[%emt 0:03:56] [#]} c6 $146 ({Predecessor:} 11... Ba6 12. Bd3 d5 13. cxd5 Bxd3 14. Qxd3 Nxd5 15. Qc4 N7f6 16. Nc3 Nxc3 17. bxc3 Qd5 {½-½ Okhotnik,V (2426)-Roussel Roozmon,T (2425) Bois Colombes Masters 2004 (1)}) 12. Nc3 Ba6 13. Bd3 d5 14. b3 Bb4 15. Ne2 Rc8 16. Bg5 h6 17. Bh4 Be7 18. Nc3 Ne4 {[%emt 0:04:09][%mdl 64] Discovered Attack} 19. Bxe7 Rxe7 20. Ne2 Ndf6 21. Rc1 c5 22. dxc5 dxc4 (22... Nxc5 $5 23. Bf5 Ncd7 $15) 23. Bxc4 Bxc4 24. Rxc4 {[%emt 0:00:22] And now c6 would win.} Qxd1 25. Rxd1 {[%emt 0:00:04] Black must now prevent c6.} Rxc5 26. Rd8+ Kh7 27. Rxc5 Nxc5 28. Ned4 Rd7 29. Rxd7 Nfxd7 $11 {[%emt 0:00:23][%mdl 4096] Endgame KNN-KNN} 30. Nc6 a5 31. Nfe5 Nxe5 32. Nxe5 {[%emt 0:00:04] KN-KN} Kg8 (32... a4 $11) 33. Nc4 $14 Nd7 34. Kf1 $1 Kf8 35. Ke2 Ke7 36. Ke3 Kd8 37. Kd4 Kc7 {[%emt 0:00:33] Repels Nd6} 38. f4 Kc6 (38... Nb8 $14) 39. g4 (39. Ne5+ $1 $18 Nxe5 40. fxe5) 39... f6 40. h4 Nc5 41. h5 Nd7 {[%emt 0:03:58] [#]} 42. Ke4 ({White should try} 42. Ne3 $1 $16 {[%cal Re3f5] Hoping for Nf5.} Nc5 43. Nf5 Ne6+ 44. Ke4) 42... Kc5 43. Kd3 ({White should play} 43. Kf5 $16 Nf8 44. a3) 43... Nf8 $11 44. Ne3 (44. Ke3 $11) 44... Ne6 $16 45. Ke4 b5 $1 {[%emt 0:04:53] [#]} 46. Nc2 (46. Nf5 $1 $16) 46... a4 $1 $11 {[%emt 0:05:16] The position is equal.} 47. Kf5 axb3 48. axb3 Nf8 49. Ke4 Ne6 50. Ke3 Kd5 51. Nb4+ Kc5 52. Na6+ Kb6 53. Nb4 Kc5 54. Na2 Nc7 55. Ke4 {[%emt 0:00:23] Kf5 is the strong threat.} Ne6 $1 56. Kf5 Nf8 (56... Nd4+ $2 57. Kg6 f5 58. gxf5 $18) 57. Ke4 Ne6 58. Kf5 Nf8 (58... Nd4+ $2 59. Kg6 f5 60. gxf5 $18) 59. Ke4 {[%emt 0:01:49] Weighted Error Value: White=0.14 (very precise) /Black=0.09 (flawless)} 1/2-1/2

[Event "26th OIBM 2023"]
[Site "Gmund am Tegernsee"]
[Date "2023.10.29"]
[Round "2.6"]
[White "Ciolek, Andreas"]
[Black "Van Foreest, Lucas"]
[Result "0-1"]
[ECO "D35"]
[WhiteElo "2215"]
[BlackElo "2540"]
[Annotator "TA"]
[PlyCount "80"]
[EventDate "2023.10.04"]
[EventType "swiss"]
[EventCountry "GER"]
[SourceTitle "playchess.com"]
[Source "ChessBase"]
[SourceQuality "1"]
[TimeControl "40/5400+30:1800+30"]

1. d4 Nf6 2. c4 e6 3. Nc3 d5 4. cxd5 exd5 5. Bg5 Be6 6. e3 {[%emt 0:04:18] D35: Queen's Gambit Declined: Exchange Variation.} Nbd7 7. Bd3 c6 8. Nge2 {[%emt 0:00:36] White is slightly better.} h6 9. Bh4 g5 {[%emt 0:00:09] Prevents Nf4} 10. Bg3 Nh5 $1 11. Qc2 Nxg3 12. Nxg3 h5 13. O-O-O h4 14. Nf5 Qa5 15. Kb1 O-O-O 16. Rc1 Kb8 17. Na4 Nb6 (17... Nf6 $5 ) 18. Nc5 {[%emt 0:03:53][%cal Oc5b7] And now Nxb7! would win.} Nc4 {[%emt 0:00:53] [#]} 19. Nb3 $146 ({Predecessor:} 19. Ka1 Bxc5 20. dxc5 Qxc5 21. b3 Qa5 22. Nd4 Ne5 23. Be2 Bd7 24. f4 gxf4 25. exf4 {0-1 Alfonso Durban,X (2159)-Kozak,A (2483) Maia op 2022 (1)}) 19... Qa4 {[%emt 0:04:45][%cal Of8a3] ...Ba3! is the strong threat.} 20. g4 (20. Ka1 $1 $11) 20... h3 {[%emt 0:05:50] Black is much more active.} (20... hxg3 $17 {aiming for ...g2.} 21. hxg3 Ba3 22. Rxh8 Rxh8 23. Bxc4 dxc4 24. bxa3 cxb3) 21. Nd2 ({White should try} 21. Qe2 $11) 21... Qxc2+ $15 22. Kxc2 Nd6 23. Rhg1 f6 24. Rcf1 Nxf5 25. gxf5 Bf7 26. f4 (26. Rd1 $17 {was necessary.}) 26... gxf4 $19 27. exf4 Bd6 28. Be2 Rh4 29. Rg4 Rdh8 ({Better is} 29... Rxg4 $19 30. Bxg4 Rh8) 30. Rfg1 $17 Kc8 31. Nf3 R4h7 (31... Rxg4 {simplifies} 32. Rxg4 Be8 33. Bd3 a5) 32. Ng5 $2 {[%emt 0:03:11][%mdl 8192] Loses the game.} fxg5 $19 {[%emt 0:00:07] Black is clearly winning.} 33. fxg5 Bh5 {[%emt 0:00:57][%mdl 64] Skewer} ({Inferior is} 33... Re8 34. g6 Rh6 35. Bd3 $17) 34. g6 Re7 35. Bd1 Bxh2 ({Not} 35... Bxg4 36. Bxg4 Re4 37. f6+ Kd8 38. Bxh3 $17) 36. Rh1 Bxg4 37. Bxg4 {[%emt 0:00:07] [#]} Rh4 $1 ({Weaker is} 37... Re4 38. g7 Rg8 39. Bxh3 $17) 38. f6+ Rxg4 39. fxe7 {[%emt 0:00:15] [#]} Kd7 40. Kb3 (40. Kd3 Rg3+) 40... Bd6 {[%emt 0:00:21] Weighted Error Value: White=0.70/Black=0.09 (flawless)} 0-1

[Event "26th OIBM 2023"]
[Site "Gmund am Tegernsee"]
[Date "2023.10.29"]
[Round "2.7"]
[White "Stocek, Jiri"]
[Black "Imnadze, Nato"]
[Result "1-0"]
[ECO "E35"]
[WhiteElo "2535"]
[BlackElo "2207"]
[Annotator "RC"]
[PlyCount "69"]
[EventDate "2023.10.04"]
[EventType "swiss"]
[EventCountry "GER"]
[SourceTitle "playchess.com"]
[Source "ChessBase"]
[SourceQuality "1"]
[TimeControl "40/5400+30:1800+30"]

1. d4 Nf6 2. c4 e6 3. Nc3 Bb4 4. Qc2 d5 5. cxd5 exd5 6. Bg5 h6 7. Bh4 O-O 8. e3 c6 9. Bd3 Re8 10. Nge2 Be7 11. h3 Ne4 12. Bxe7 Qxe7 13. Bxe4 dxe4 14. Ng3 f5 15. O-O Na6 16. a3 Be6 17. f3 Qg5 18. Kh2 Qxe3 19. fxe4 Rf8 20. exf5 Bc4 21. Qf2 Qxf2 22. Rxf2 Rad8 23. Rd1 Nc7 24. Nge4 Nd5 25. g4 b6 26. Kg3 Kf7 27. Nd2 Ba6 28. Nf3 Ne7 29. Ne5+ Kg8 30. Ne4 Bb7 31. f6 gxf6 32. Nxf6+ Kh8 33. Rdf1 Rxd4 34. Nh5 Rxf2 35. Rxf2 1-0

[Event "26th OIBM 2023"]
[Site "Gmund am Tegernsee"]
[Date "2023.10.29"]
[Round "2.8"]
[White "Tonndorf, Matthias"]
[Black "Kulaots, Kaido"]
[Result "1/2-1/2"]
[ECO "B46"]
[WhiteElo "2206"]
[BlackElo "2508"]
[Annotator "RC"]
[PlyCount "169"]
[EventDate "2023.10.04"]
[EventType "swiss"]
[EventCountry "GER"]
[SourceTitle "playchess.com"]
[Source "ChessBase"]
[SourceQuality "1"]
[TimeControl "40/5400+30:1800+30"]

1. e4 c5 2. Nf3 Nc6 3. d4 cxd4 4. Nxd4 e6 5. Nc3 a6 6. Nxc6 bxc6 7. Bd3 d5 8. O-O Nf6 9. Qe2 Be7 10. b3 O-O 11. Bb2 Bb7 12. Rad1 Qc7 13. Rfe1 Rfd8 14. Qf3 h6 15. Qh3 Bf8 16. a3 c5 17. e5 Nd7 18. Nb1 c4 19. bxc4 dxc4 20. Bf1 Nb6 21. Rxd8 Rxd8 22. Bc1 Na4 23. Qg4 Qa5 24. c3 Bd5 25. Bxh6 Rb8 26. Rc1 Nc5 27. h4 Nd3 28. Bxd3 cxd3 29. h5 Kh7 30. Be3 Ba8 31. c4 Qxe5 32. c5 Bc6 33. Nd2 Qd5 34. Nf3 Rb7 35. Ng5+ Kh8 36. Nf3 Qe4 37. Qg5 f6 38. Qg3 e5 39. Nh4 Kh7 40. Kf1 Be8 41. Ng6 Bxc5 42. Rxc5 Rb1+ 43. Rc1 d2 44. Bxd2 Rxc1+ 45. Bxc1 Qc4+ 46. Kg1 Qxc1+ 47. Kh2 Qh6 48. Kg1 Qxh5 49. Ne7 Qd1+ 50. Kh2 Bf7 51. Qc3 Qd7 52. Qc2+ g6 53. Qc5 Kg7 54. Nc8 Qd4 55. Qc7 Qxf2 56. Nd6 Qh4+ 57. Kg1 Qe1+ 58. Kh2 Qh4+ 59. Kg1 Qd4+ 60. Kh2 Qd5 61. Ne8+ Kh8 62. Nxf6 Qe6 63. Ne4 Qf5 64. Nd6 Qf4+ 65. Kg1 Bd5 66. Qd8+ Kh7 67. Ne8 Qd4+ 68. Kh2 Qf4+ 69. Kg1 Qd4+ 70. Kh2 Bf7 71. Qe7 Qf4+ 72. Kg1 Kg8 73. Nf6+ Kg7 74. Ne8+ Kg8 75. Nf6+ Kg7 76. Ne8+ Kh6 77. Qf8+ Kh5 78. Ng7+ Kg4 79. Qc8+ Kh4 80. Qd8+ Kg4 81. Qc8+ Kg5 82. Qd8+ Qf6 83. Qd2+ Qf4 84. Qd8+ Qf6 85. Qd2+ 1/2-1/2

[Event "26th OIBM 2023"]
[Site "Gmund am Tegernsee"]
[Date "2023.10.29"]
[Round "2.9"]
[White "Vetoshko, Volodymyr"]
[Black "Kindtner, Ulrich"]
[Result "1-0"]
[ECO "A40"]
[WhiteElo "2499"]
[BlackElo "2199"]
[Annotator "RC"]
[PlyCount "39"]
[EventDate "2023.10.04"]
[EventType "swiss"]
[EventCountry "GER"]
[SourceTitle "playchess.com"]
[Source "ChessBase"]
[SourceQuality "1"]
[TimeControl "40/5400+30:1800+30"]

1. d4 g6 2. e4 Bg7 3. c4 Nc6 4. Nf3 e5 5. Bg5 Nge7 6. Nxe5 Nxe5 7. dxe5 Bxe5 8. Nc3 O-O 9. Qd2 d6 10. Be2 c6 11. O-O-O f5 12. c5 d5 13. exd5 cxd5 14. Bc4 Be6 15. Qe2 Qc7 16. Bxe7 Bf4+ 17. Kb1 Qxe7 18. Bxd5 Rae8 19. Rhe1 Rf6 20. Qc4 1-0

[Event "26th OIBM 2023"]
[Site "Gmund am Tegernsee"]
[Date "2023.10.29"]
[Round "2.10"]
[White "Jetzl, Joerg"]
[Black "Gallego Alcaraz, Andres Felipe"]
[Result "0-1"]
[ECO "A59"]
[WhiteElo "2181"]
[BlackElo "2495"]
[Annotator "RC"]
[PlyCount "95"]
[EventDate "2023.10.04"]
[EventType "swiss"]
[EventCountry "GER"]
[SourceTitle "playchess.com"]
[Source "ChessBase"]
[SourceQuality "1"]
[TimeControl "40/5400+30:1800+30"]

1. d4 Nf6 2. c4 c5 3. d5 b5 4. cxb5 a6 5. bxa6 g6 6. Nc3 Bxa6 7. e4 Bxf1 8. Kxf1 d6 9. g3 Bg7 10. Kg2 O-O 11. Nf3 Nbd7 12. a4 Qb6 13. Qc2 Rfb8 14. Nb5 Ne8 15. Bd2 Nc7 16. Nxc7 Qxc7 17. Rab1 Rb7 18. b3 Qb8 19. h4 h5 20. Rhe1 Ra6 21. Bg5 Kf8 22. Qe2 Rab6 23. Nd2 Ne5 24. Bf4 Rb4 25. Bxe5 Bxe5 26. Rbc1 Bg7 27. g4 hxg4 28. h5 Rd4 29. hxg6 Qc8 30. Rh1 fxg6 31. Rh7 Kg8 32. Rch1 Rb8 33. Qe3 Qf8 34. Nc4 Qf3+ 35. Qxf3 gxf3+ 36. Kg3 Rxb3 37. Na5 Be5+ 38. Kg4 Rxe4+ 39. Kg5 Rb1 40. Kxg6 Rxh1 41. Rxh1 Rxa4 42. Nc6 Bf6 43. Rb1 Rg4+ 44. Kf5 Rg2 45. Ke6 Rxf2 46. Nxe7+ Kg7 47. Rg1+ Rg2 48. Rf1 0-1

[Event "26th OIBM 2023"]
[Site "Gmund am Tegernsee"]
[Date "2023.10.29"]
[Round "2.11"]
[White "Ghazarian, Kirk"]
[Black "Brandt, Sebastian"]
[Result "1-0"]
[ECO "A57"]
[WhiteElo "2473"]
[BlackElo "2188"]
[Annotator "RC"]
[PlyCount "51"]
[EventDate "2023.10.04"]
[EventType "swiss"]
[EventCountry "GER"]
[SourceTitle "playchess.com"]
[Source "ChessBase"]
[SourceQuality "1"]
[TimeControl "40/5400+30:1800+30"]

1. d4 Nf6 2. c4 a6 3. Nc3 c5 4. d5 b5 5. cxb5 axb5 6. Nxb5 Bb7 7. Nc3 Qa5 8. Bd2 Qb6 9. e4 e6 10. dxe6 fxe6 11. Bd3 Nc6 12. Nf3 Nb4 13. Bg5 c4 14. Bxc4 Nxe4 15. Nxe4 Bxe4 16. O-O Rc8 17. Rc1 Nc6 18. Re1 Bf5 19. Nh4 Qa5 20. Bd2 Bb4 21. Bxb4 Qxb4 22. Nxf5 O-O 23. Qxd7 Qxb2 24. Bxe6+ Kh8 25. Qxg7+ Qxg7 26. Nxg7 1-0

[Event "26th OIBM 2023"]
[Site "Gmund am Tegernsee"]
[Date "2023.10.29"]
[Round "2.12"]
[White "Boehmer, Christian"]
[Black "Vogel, Roven"]
[Result "0-1"]
[ECO "B21"]
[WhiteElo "2178"]
[BlackElo "2471"]
[Annotator "ChessBase"]
[PlyCount "76"]
[EventDate "2023.10.04"]
[EventType "swiss"]
[EventCountry "GER"]
[SourceTitle "playchess.com"]
[Source "ChessBase"]
[SourceQuality "1"]
[TimeControl "40/5400+30:1800+30"]

1. e4 c5 2. d4 cxd4 3. c3 dxc3 4. Nxc3 Nc6 5. Nf3 e6 6. Bc4 Bb4 7. O-O Nge7 8. Qc2 Ng6 9. a3 Be7 10. Be3 b6 11. Rad1 Bb7 12. Nd4 Nxd4 13. Bxd4 O-O 14. Qd2 Qc7 15. Bd3 Rad8 16. Nb5 Qb8 17. f4 d6 18. f5 Ne5 19. f6 gxf6 20. Qh6 Rd7 21. Rf4 Ng6 22. Bxf6 Bxf6 23. Rxf6 d5 24. exd5 Bxd5 25. Rdf1 Rc8 26. Rxf7 Rxf7 27. Rxf7 Kxf7 28. Bxg6+ hxg6 29. Qh7+ Kf8 30. Qh8+ Ke7 31. Qg7+ Kd8 32. Qf8+ Kd7 33. Qf7+ Kc6 34. Nxa7+ Kd6 35. Nb5+ Kc5 36. a4 Kb4 37. Qe7+ Kxa4 38. Na7 Rc1+ 0-1